 Dungeon Crawl Stone Soup version 0.29-a0-352-g0917bc69df (webtiles) character file.

Game seed: 15543792302600838719

41 sokol815 the Sneak (level 3, -1/26 HPs)
             Began as an Octopode Delver on Apr 24, 2022.
             Succumbed to an adder's poison
             ... on level 2 of the Dungeon.
             The game lasted 00:00:45 (822 turns).

sokol815 the Sneak (Octopode Delver)                 Turns: 822, Time: 00:00:45

Health: -1/26      AC:  1    Str: 11    XL:     3   Next: 52%
Magic:  3/3        EV: 13    Int: 14    God:
Gold:   4          SH:  0    Dex: 13    Spells: 2/2 levels left

rFire   . . .      SeeInvis .   a - +0 hand axe
rCold   . . .      Faith    .   (no shield)
rNeg    . . .      Spirit   .   (helmet restricted)
rPois   .          Reflect  .   (no amulet)
rElec   .          Harm     .   (no ring)
rCorr   .          Rampage  .   (no ring)
Will    .....                   (no ring)
Stlth   ++++......              (no ring)
HPRegen 0.08/turn               (no ring)
MPRegen 0.08/turn               (no ring)
                                (no ring)
                                (no ring)

@: brilliant, lethally poisoned (-1 -> -10)
A: almost no armour, amphibious, 8 rings, camouflage 1, gelatinous body 1,
(nimble swimmer 1), tentacles
a: no special abilities


You were on level 2 of the Dungeon.
You visited 1 branch of the dungeon, and saw 4 of its levels.

You collected 4 gold pieces.

Inventory:

Hand Weapons
 a - a +0 hand axe (weapon)
Missiles
 s - 43 stones
Wands
 d - a wand of digging (3)
Scrolls
 b - a scroll of fog
 c - a scroll of identify {unknown}
 f - a scroll of amnesia {unknown}
 E - a scroll of fear
 X - a scroll of magic mapping {@r4!r}
Potions
 H - a potion of haste


   Skills:
 + Level 3.4 Fighting
 + Level 2.5 Axes
 + Level 2.5 Dodging
 + Level 7.0 Stealth


You had 2 spell levels left.
You didn't know any spells.
Your spell library was empty.

Dungeon Overview and Level Annotations

Branches:
Dungeon (5/15)
 Temple: D:4-7

Altars:


Innate Abilities, Weirdness & Mutations

You cannot wear most types of armour.
You are amphibious.
You can wear up to eight rings at the same time.
Your skin changes colour to match your surroundings (Stealth+).
Your rubbery body absorbs attacks. (AC +1, EV +1)
((You are camouflaged when in or above water. (Stealth+)))
You have tentacles for arms and can constrict up to eight enemies at once.


Message History

You squeeze the iguana, but do no damage.
You constrict the iguana.
You kill the iguana!
Your Stealth skill increases to level 7!
You have reached level 3!
Your experience leads to an increase in your attributes!
Increase (s)trength, (i)ntelligence, or (d)exterity?
You feel clever. x2
MP restored: 3 You start resting.
Health restored: 26 A goblin comes into view.
It is wielding a +0 club.
The goblin shouts!
You hit the goblin. You grab the goblin. You squeeze the goblin.
You kill the goblin!
No target in view!
No target in view!
Things that are here:
a +0 club; a goblin corpse
s - 43 stones (gained 21)
You now have 4 gold pieces.
Found a stone staircase leading up.
There is a stone staircase leading up here.
Things that are here:
a +0 club; a goblin corpse A dart slug comes into view.
(D) Dungeon
Where to? (Enter - D:4, ? - help)
Things that are here:
a +0 club; a goblin skeleton
There is a stone staircase leading up here.
You climb upwards.
There is a stone staircase leading down here.
You open the door. You open the door. You open the door.
There is an open door here.
Found a stone staircase leading up.
There is a stone staircase leading up here.
You climb upwards.
There is a stone staircase leading down here.
Found a stone staircase leading down.
Found a stone staircase leading up. 2 jackals come into view. 2 jackals come into view.
The jackal barks! x2; You hear a shout!
You see here a scroll labelled OSSOR SARHOISO.
f - a scroll labelled OSSOR SARHOISO The jackal barely misses you.
You hit the jackal. Your grab misses the jackal.
Your squeeze misses the jackal. The jackal bites you.
You take 2 damage, and have 24/26 hp.
You closely miss the jackal. You grab the jackal. You constrict the jackal.
An adder comes into view.
The jackal bites you.
You take 1 damage, and have 23/26 hp.
The adder hisses angrily.
You hit the jackal.
You kill the jackal!
You barely miss the jackal.
You constrict the jackal, but do no damage.
The jackal bites you.
A kobold comes into view. It is wielding a +0 short sword.
The jackal barely misses you. x2
You take 3 damage, and have 20/26 hp.
You slash the jackal!
You kill the jackal!
You closely miss the jackal.
The jackal bites you but does no damage.
The jackal barely misses you.
You barely miss the jackal. You grab the jackal.
You squeeze the jackal, but do no damage.
You constrict the jackal, but do no damage.
The jackal barely misses you.
The jackal bites you but does no damage.
You hit the jackal but do no damage. You squeeze the jackal.
You closely miss the jackal. You constrict the jackal.
You kill the jackal!
The jackal barely misses you. The jackal misses you. The adder bites you.
You take 4 damage, and have 16/26 hp.
You closely miss the adder. Your grab misses the adder.
You hit the jackal but do no damage. The jackal bites you. The adder bites you.
You are poisoned.
The adder poisons you! The jackal bites you.
You take 7 damage, and have 9/26 hp.
MASSIVE DAMAGE!!
You barely miss the adder. You grab the adder. You completely miss the jackal.
You constrict the adder.
You feel sick. The adder closely misses you. The jackal bites you.
* * * LOW HITPOINT WARNING * * *
The adder bites you.
* * * LOW HITPOINT WARNING * * *
You are more poisoned.
The adder poisons you!
You take 8 damage, and have 1/26 hp.
MASSIVE DAMAGE!!
It was a potion of brilliance.
You feel clever all of a sudden.
You constrict the adder.
You die...

##########
#........#
#....<...#
#.......>##
......S...####
....$Kh@.....#
...#.#######.##
#..# ##.## #>.#
##.# #.# #..
##.#


You could see an adder, a jackal and a kobold.

Vanquished Creatures
  An iguana (D:4)
  An adder (D:5)
  An orc (D:5)
  A goblin (D:4)
  3 jackals (D:2)
7 creatures vanquished.

Notes
Turn   | Place    | Note
-------+----------+-------------------------------------------
     0 | D:5      | sokol815 the Octopode Delver began the quest for the Orb.
     0 | D:5      | Reached XP level 1. HP: 16/16 MP: 1/1
    44 | D:5      | Reached XP level 2. HP: 21/21 MP: 2/2
   102 | D:4      | HP: 2/21 [iguana (6)]
   105 | D:4      | Reached skill level 7 in Stealth
   105 | D:4      | Reached XP level 3. HP: 3/26 MP: 3/3
   821 | D:2      | HP: 5/26 [jackal (2)]
   821 | D:2      | HP: 1/26 [adder (4)]
   822 | D:2      | Succumbed to an adder's poison

Illustrated notes

Levels and vault maps discovered:
D:2:      layout_rooms, basic_altar, chequers_avenue
D:3:      layout_basic, uniq_ijyb
D:4:      layout_basic
D:5:      layout_loops_ring, nicolae_uskayaw_en_pointe

Skill      XL: |  1  2 |
---------------+-------+-----
Stealth        | 7 |  7.0
Fighting       | |  3.4
Axes           | |  2.5
Dodging        | |  2.5

Action                   || total
-------------------------++-------
Melee: Hand axe          ||    18
       Constrict         ||     7
       Tentacles         ||     6
Throw: Stone             ||     1
  Use: Potion            ||     1
 Stab: Sleeping          ||     1
Armor: Skin              ||     3
Dodge: Dodged            ||    13

Table legend: (Time is in decaauts)
 A = Elapsed time spent in this place.
 B = Non-inter-level travel time spent in this place.
 C = Inter-level travel time spent in this place.
 D = Time resting spent in this place.
 E = Time spent auto-exploring this place.
 F = Levels seen in this place.
 G = Mean time per level.
                   A        B        C        D        E       F      G
               +--------+--------+--------+--------+--------+-----+--------+
         Total |    824 |    686 |    138 |    284 |    349 |   4 |  206.0 |
       Dungeon |    824 |    686 |    138 |    284 |    349 |   4 |  206.0 |
               +--------+--------+--------+--------+--------+-----+--------+

Top non-repeatable levels by time:
     D:4: 698 daAuts
     D:5: 67 daAuts
     D:3: 37 daAuts
     D:2: 21 daAuts

Table legend:
 A = Kills in this place as a percentage of kills in entire the game.
 B = Kills by you in this place as a percentage of kills by you in the entire game.
 C = Kills by friends in this place as a percentage of kills by friends in the entire game.
 D = Other kills in this place as a percentage of other kills in the entire game.
 E = Experience gained in this place as a percentage of experience gained in the entire game.
 F = Experience gained in this place divided by the number of levels of this place that you have seen.
                   A       B       C       D       E      F
               +-------+-------+-------+-------+-------+----------------------
         Total | 100.0 | 100.0 |   N/A |   N/A | 100.0 |  14.8
       Dungeon | 100.0 | 100.0 |   N/A |   N/A | 100.0 |  14.8
               +-------+-------+-------+-------+-------+----------------------
